Map: Prüfung von Aiur LE

Players

higgi - Winner!

  • Race: Terran Terran
  • League: Master
  • Spawn Location: 11:00

Dystopia

  • Race: Protoss Protoss
  • League: Master
  • Spawn Location: 5:00

VOD

Have the link to the VOD?

Description

Time

  • Played on: Jan. 22, 2018, 5:43 a.m.
  • Length: 6:21
Show
View Real Time Build Order
Export as new Build Order

higgi Terran - Winner!

Build Orders: Cyclone Opening 

Get SALT Encoding   

  12  0:04  SCV  
  13  0:16  SCV  
  13  0:20  Supply Depot  
  14  0:28  SCV  
  15  0:41  SCV  
  15  0:42  Barracks  
  16  0:49  Refinery  
  16  0:53  SCV  
  17  0:58  Refinery  
  17  1:05  SCV  
  18  1:17  SCV  
  19  1:29  Reaper  
  19  1:30  Orbital Command  
  20  1:46  Supply Depot  
  20  1:50  Factory  
  20  2:00  SCV  
  21  2:02  Reaper  
  22  2:37  Barracks Reactor, Cyclone  
  25  2:39  SCV  
  26  2:47  Starport  
  26  2:49  Supply Depot  
  27  2:51  SCV  
  27  3:03  SCV  
  28  3:09  Factory Tech Lab  
  28  3:15  Marine  
  28  3:19  SCV  
  30  3:21  Supply Depot  
  30  3:23  Liberator  
  33  3:29  Siege Tank  
  33  3:30  Marine  
  33  3:32  SCV  
  33  3:33  Marine  
  36  3:36  Bunker  
  39  3:44  SCV  
  39  3:45  Supply Depot  
  39  3:47  Marine  
  41  3:59  Marine  
  41  4:01  Siege Tank  
  45  4:13  SCV  
  46  4:18  Marine  
  46  4:19  Marine  
  46  4:23  Viking  
  50  4:43  Siege Tank, Marine x2  
  51  4:55  SCV  
  47  5:01  Marine x2  
  47  5:07  SCV  
  46  5:20  SCV  
  44  5:21  Cyclone  
  42  5:42  Marine x2  
  34  5:59  Marine  
  34  6:00  Marine  
Show
View Real Time Build Order
Export as new Build Order

Dystopia Protoss 

Build Orders: 1 Gate Expand 

Get SALT Encoding   

  12  0:01  Probe  
  13  0:13  Probe  
  14  0:18  Pylon  
  14  0:25  Probe (Chrono Boost)  
  15  0:37  Probe (Chrono Boost)  
  15  0:39  Gateway  
  16  0:43  Assimilator  
  16  0:46  Probe (Chrono Boost)  
  17  0:52  Probe  
  18  1:04  Probe  
  19  1:16  Probe  
  20  1:23  Nexus  
  20  1:30  Zealot (Chrono Boost)  
  22  1:37  Cybernetics Core  
  22  1:40  Assimilator  
  22  1:43  Probe  
  22  1:44  Pylon  
  23  2:00  Pylon  
  23  2:02  Probe  
  24  2:10  Stalker (Chrono Boost)  
  24  2:15  Warp Gate  
  25  2:27  Robotics Facility  
  24  2:32  Probe  
  23  2:39  Stalker  
  25  2:53  Gateway  
  25  2:57  Shield Battery  
  25  3:02  Probe  
  26  3:09  Stalker  
  28  3:16  Immortal (Chrono Boost)  
  32  3:32  Gateway  
  32  3:39  Pylon  
  32  3:50  Probe  
  32  4:02  Probe  
  33  4:14  Immortal (Chrono Boost)  
  37  4:22  Adept x2  
  41  4:28  Zealot  
  43  4:49  Stalker  
  45  5:01  Zealot  
  45  5:06  Pylon  
  45  5:16  Warp Prism (Chrono Boost)  
  45  5:20  Pylon  
  45  5:23  Pylon  
  43  5:32  Pylon  
  43  5:35  Stalker  
  45  5:40  Stalker  
Tags
 
Add a new tag
Caveats
  • Supply blocks, unpowered buildings, or Contaminate may cause inaccurate times.
  • Supply counts are checked every 10 seconds.